 Dungeon Crawl Stone Soup version 0.28.0 (webtiles) character file.

Game seed: 10167270846245371579

463 Dani the Magician (level 6, -1/34 HPs)
             Began as a Deep Elf Transmuter on Feb 7, 2022.
             Was a Believer of Cheibriados.
             Slain by a water moccasin (4 damage)
             ... on level 6 of the Dungeon.
             The game lasted 00:14:19 (4665 turns).

Dani the Magician (Deep Elf Transmuter)             Turns: 4665, Time: 00:14:19

Health: -1/34      AC:  2    Str: 13    XL:     6   Next: 79%
Magic:  10/17      EV: 23    Int: 26    God:    Cheibriados [**....]
Gold:   111        SH:  0    Dex: 26    Spells: 12/18 levels left

rFire   . . .      SeeInvis .     - Unarmed
rCold   . . .      Faith    .   (shield currently unavailable)
rNeg    . . .      Spirit   .   (armour currently unavailable)
rPois   x          Reflect  .   (helmet currently unavailable)
rElec   .          Harm     .   (cloak currently unavailable)
rCorr   .          Rampage  .   (gloves currently unavailable)
Will    .....                   (boots currently unavailable)
Stlth   ++........              (no amulet)
HPRegen 0.11/turn               (no ring)
MPRegen 0.15/turn               (no ring)

@: spider-form, very slow
A: venomous fangs, tiny
a: End Transformation, Renounce Religion, Bend Time


You were on level 6 of the Dungeon.
You worshipped Cheibriados.
Cheibriados was pleased with you.
You were a venomous arachnid creature.
You visited 1 branch of the dungeon, and saw 5 of its levels.

You collected 111 gold pieces.

Inventory:

Hand Weapons
 i - a +0 long sword
   (You found it on level 2 of the Dungeon)
 j - a +0 dagger (melded)
   (You took it off a kobold on level 2 of the Dungeon)
Missiles
 g - 3 poisoned darts
Armour
 a - a +0 robe (melded)
Scrolls
 d - a scroll of noise {unknown}
 e - a scroll of vulnerability {unknown}
 h - 2 scrolls of amnesia {unknown}
 k - a scroll of immolation {unknown}
 l - a scroll of enchant weapon {unknown}
 m - a scroll of teleportation {unknown}
 n - a scroll of torment {unknown}
Potions
 b - a potion of resistance {unknown}
 c - a potion of flight {unknown}
 f - a potion of brilliance {unknown}
 o - 2 potions of haste {unknown}
 Q - a potion of curing {@q1}


   Skills:
 - Level 1.2 Fighting
 + Level 4.1 Dodging
 - Level 1.4 Stealth
 - Level 2.4 Unarmed Combat
 * Level 6.7 Spellcasting
 + Level 3.8 Transmutations
 + Level 2.9 Poison Magic


You had 12 spell levels left.
You knew the following spells:

 Your Spells              Type           Power      Damage    Failure   Level
a - Beastly Appendage     Tmut           58%        N/A       6%          1
b - Wereblood             Tmut           29%        N/A       8%          2
c - Spider Form           Tmut/Pois      26%        N/A       14%         3

Your spell library contained the following spells:

 Spells                   Type           Power      Damage    Failure   Level
 Ice Form                 Ice/Tmut       18%        N/A       50%         4


Dungeon Overview and Level Annotations

Branches:
Dungeon (6/15)             Temple (0/1) D:6

Altars:
Cheibriados
Kikubaaqudgha

Annotations:
D:6 exclusion: jelly


Message History

You barely miss the necrophage.
The necrophage is severely damaged.
The necrophage completely misses you.
You hit the necrophage.
The necrophage is severely damaged.
The necrophage barely misses you.
You hit the necrophage.
The necrophage is almost destroyed.
The necrophage misses you.
You hit the necrophage.
The necrophage is almost destroyed.
You hit the necrophage.
You destroy the necrophage!
Cheibriados appreciates the change of pace.
Casting: Spider Form (quite dangerous; 16% risk of failure)
Confirm with . or Enter, or press ? or * to list all spells.
The spell is quite dangerous to miscast (16% risk of failure)!
Continue anyway?
You extend your transformation's duration.
The orc shouts!
You see here a necrophage corpse.
You hit the orc.
The orc is poisoned.
The orc is heavily wounded.
The orc completely misses you.
You hit the orc.
The orc is almost dead.
The orc hits you with a +0 falchion.
You hit the orc.
You kill the orc!
Cheibriados thoroughly appreciates the change of pace.
You now have 111 gold pieces (gained 10).
Found a stone staircase leading down.
Your transformation is almost over.
Found 2 blue potions.
Found a robe.
Your transformation has ended.
Your +0 dagger unmelds from your body.
Your +0 robe unmelds from your body.
o - 2 blue potions You see here 21 stones.
Found a scroll labelled CORAOT HEIMICH.
An ice beast comes into view.
Unknown command.
You see here 21 stones.
You see here a +0 robe.
A jelly comes into view.
Marking area around a jelly as unsafe for travelling.
Unknown command.
A bullfrog comes into view.
Unknown command.
Casting: Spider Form (dangerous; 5% risk of failure)
Confirm with . or Enter, or press ? or * to list all spells.
You turn into a venomous arachnid creature.
Your +0 dagger melds into your body.
Your +0 robe melds into your body.
Unknown command.
The bullfrog croaks.
You hear a croak.
You hear a shout!
Found a robe and a potion of curing.
You hear a shout! x4
A water moccasin comes into view.
A bullfrog comes into view.
An orc comes into view. It is wielding a +0 hand axe.
The water moccasin moves out of view.
You hear an angry hiss.
The bullfrog hits you. The bullfrog closely misses you.
The bullfrog completely misses you.
You hit the bullfrog.
The bullfrog is lightly wounded.
The bullfrog hits you.
You bite the bullfrog!
The bullfrog is heavily wounded.
The bullfrog misses you. x2
You hit the bullfrog.
The bullfrog is poisoned.
The bullfrog is heavily wounded.
The bullfrog hits you.
* * * LOW HITPOINT WARNING * * *
An orc comes into view. It is wielding a +0 club.
The water moccasin closely misses you.
You hit the bullfrog but do no damage.
The bullfrog is severely wounded.
The bullfrog completely misses you. The water moccasin misses you.
The bullfrog closely misses you.
You hit the bullfrog.
You kill the bullfrog!
Cheibriados thoroughly appreciates the change of pace.
The water moccasin completely misses you.
You bite the bullfrog!
The bullfrog is moderately wounded.
The bullfrog closely misses you. The water moccasin bites you.
* * * LOW HITPOINT WARNING * * *
An orc comes into view. It is wielding a +0 club.
The bullfrog closely misses you. The water moccasin bites you!
* * * LOW HITPOINT WARNING * * *
You barely miss the bullfrog.
The bullfrog is moderately wounded.
The bullfrog hits you!
* * * LOW HITPOINT WARNING * * *
The water moccasin misses you.
You warp the flow of time around you!
The flow of time bends around you.
The water moccasin resists with some effort.
You can no longer warp the flow of time around you.
The water moccasin bites you.
You die...

. #.# .## #.# ..
#.# o. ... #. #.#
# #. #.#.# .#
##.###o###.#.#...#
......oSsF........
....##o###.#.#..#.
! ..[ #.# # ..###
#.# ... #.# ##
####.#####
#........# #J#
####.^....#......
#.........#####.#
.


You could see a water moccasin, a bullfrog and 3 orcs.

Vanquished Creatures
  Edmund (D:4)
  A necrophage (D:6)
  A bullfrog (D:6)
  A hound (D:6)
  A jelly (D:6)
  Natasha (D:3)
  An iguana (D:4)
  4 adders
  2 worms
  A dart slug (D:2)
  An orc (D:6)
  6 ball pythons
  4 bats
  An endoplasm (D:1)
  4 goblins
  8 hobgoblins
  10 jackals
  3 kobolds
  2 quokkas
  4 frilled lizards
  A rat (D:2)
58 creatures vanquished.

Notes
Turn   | Place    | Note
-------+----------+-------------------------------------------
     0 | D:1      | Dani the Deep Elf Transmuter began the quest for the Orb.
     0 | D:1      | Reached XP level 1. HP: 11/11 MP: 6/6
   462 | D:1      | Found a faded altar of an unknown god.
   522 | D:1      | Prayed at the altar of an unknown god.
   522 | D:1      | Became a worshipper of Cheibriados the Contemplative
   522 | D:1      | Reached * piety under Cheibriados
   550 | D:1      | HP: 2/11 [hobgoblin (1)]
  1113 | D:1      | Reached skill level 1 in Fighting
  1119 | D:1      | Reached XP level 2. HP: 10/16 MP: 8/8
  1122 | D:1      | Learned a level 2 spell: Wereblood
  1300 | D:1      | Reached skill level 1 in Stealth
  2362 | D:2      | Reached XP level 3. HP: 16/20 MP: 8/10
  2428 | D:2      | Learned a level 3 spell: Spider Form
  2555 | D:2      | Reached skill level 3 in Dodging
  2768 | D:3      | Noticed Natasha
  2776 | D:3      | Reached ** piety under Cheibriados
  2826 | D:3      | Reached skill level 4 in Spellcasting
  3347 | D:3      | Reached XP level 4. HP: 22/25 MP: 8/12
  3785 | D:3      | Killed Natasha
  3786 | D:3      | Reached skill level 1 in Poison Magic
  4094 | D:4      | Reached skill level 5 in Spellcasting
  4125 | D:4      | Noticed Edmund
  4141 | D:4      | Reached XP level 5. HP: 26/29 MP: 9/14
  4145 | D:4      | HP: 7/29 [Edmund (9)]
  4148 | D:4      | Killed Edmund
  4149 | D:4      | Reached skill level 4 in Dodging
  4149 | D:4      | Reached skill level 3 in Transmutations
  4149 | D:4      | Reached skill level 2 in Poison Magic
  4150 | D:4      | Found an ancient bone altar of Kikubaaqudgha.
  4405 | D:4      | You fall into a shaft and drop 2 floors!
  4405 | D:6      | Found a staircase to the Ecumenical Temple.
  4413 | D:6      | Reached XP level 6. HP: 21/34 MP: 13/16
  4413 | D:6      | Reached *** piety under Cheibriados
  4414 | D:6      | Reached skill level 6 in Spellcasting
  4593 | D:6      | Noticed an ice beast
  4656 | D:6      | Noticed a water moccasin
  4664 | D:6      | HP: 3/34 [bullfrog (7)]
  4665 | D:6      | Slain by a water moccasin

Illustrated notes

Levels and vault maps discovered:
D:1:      dpeg_arrival_rhombus, layout_loops_corners,
          chequers_ecumenical_altar_simple_redux, chequers_jeans,
          serial_bayou_lake_a
D:2:      layout_basic, st_stairs_9, minivault_23
D:3:      layout_basic, uniq_natasha
D:4:      layout_loops_ring, nicolae_ashenzari_panopticon,
          mainiacjoe_overflow_catch_the_wave,
          yredelemnul_forgotten_temple_becter, serial_glass, glass_columns_a,
          glass_columns_c, glass_columns_a, glass_columns_c, glass_columns_b,
          glass_columns_a, uniq_edmund
D:6:      layout_basic, minmay_temple_entry_purple_smoke

Skill      XL: |  1  2  3  4  5  6 |
---------------+-------------------+-----
Fighting       | 1 |  1.2
Stealth        | 1 |  1.4
Dodging        | 3 4 |  4.1
Spellcasting   | 4 5 6 |  6.7
Poison Magic   | 1 2 |  2.9
Transmutations | 3 |  3.8
Unarmed Combat | |  2.4

Action                   |  1- 3 |  4- 6 || total
-------------------------+-------+-------++-------
Melee: Unarmed           |   101 |    60 ||   161
       Kick              |    16 |       ||    16
       Headbutt          |     9 |       ||     9
       Dagger            |    27 |    10 ||    37
       Punch             |     1 |       ||     1
 Cast: Beastly Appendage |    18 |       ||    18
       Wereblood         |     2 |       ||     2
       Spider Form       |    11 |    12 ||    23
Invok: Bend Time         |       |     1 ||     1
       Temporal Distorti |       |     1 ||     1
 Stab: Sleeping          |     3 |       ||     3
Armor: Robe              |    21 |     1 ||    22
       Skin              |     2 |     3 ||     5
Dodge: Dodged            |   112 |    76 ||   188

Table legend: (Time is in decaauts)
 A = Elapsed time spent in this place.
 B = Non-inter-level travel time spent in this place.
 C = Inter-level travel time spent in this place.
 D = Time resting spent in this place.
 E = Time spent auto-exploring this place.
 F = Levels seen in this place.
 G = Mean time per level.
                   A        B        C        D        E       F      G
               +--------+--------+--------+--------+--------+-----+--------+
         Total |   5660 |   5396 |    264 |   1057 |   3193 |   5 | 1132.0 |
       Dungeon |   5660 |   5396 |    264 |   1057 |   3193 |   5 | 1132.0 |
               +--------+--------+--------+--------+--------+-----+--------+

Top non-repeatable levels by time:
     D:1: 2172 daAuts
     D:3: 1931 daAuts
     D:2: 1103 daAuts
     D:6: 325 daAuts
     D:4: 126 daAuts

Table legend:
 A = Kills in this place as a percentage of kills in entire the game.
 B = Kills by you in this place as a percentage of kills by you in the entire game.
 C = Kills by friends in this place as a percentage of kills by friends in the entire game.
 D = Other kills in this place as a percentage of other kills in the entire game.
 E = Experience gained in this place as a percentage of experience gained in the entire game.
 F = Experience gained in this place divided by the number of levels of this place that you have seen.
                   A       B       C       D       E      F
               +-------+-------+-------+-------+-------+----------------------
         Total | 100.0 | 100.0 |   N/A |   N/A | 100.0 | 132.4
       Dungeon | 100.0 | 100.0 |   N/A |   N/A | 100.0 | 132.4
               +-------+-------+-------+-------+-------+----------------------
